AA
NATIONAL CONFERENCE ALL-STARS @ AMERICAN CONFERENCE ALL-STARS
06/13/2018
 
TOP OF THE 1ST
National Conference All-Stars batting - Pitching for American Conference All-Stars : RHP Taylor Widener
Pitching: RHP Taylor Widener
Batting: SHB Greg Allen 0-0: Ball
1-0: Called Strike
1-1: Swinging Strike
1-2: Ball
2-2: Ground out 4-3 (Groundball, 4)
Batting: SHB Luis Sardinas 0-0: Ball
1-0: Ball
2-0: Ball
3-0: Base on Balls
Batting: LHB Cody Asche 0-0: Called Strike
0-1: Ball
1-1: Ground out 4-3 (Groundball, 34D)
Luis Sardinas to second
Batting: RHB Edward Olivares 0-0: Called Strike
0-1: Fly out, F8 (Flyball, 8RD)
Top of the 1st over - 0 runs, 0 hits, 0 errors, 1 left on base; National Conference 0 - American Conference 0
BOTTOM OF THE 1ST
American Conference All-Stars batting - Pitching for National Conference All-Stars : RHP Michael Kopech
Pitching: RHP Michael Kopech
Batting: RHB Jose Cardona 0-0: Called Strike
0-1: Ball
1-1: Ball
2-1: Swinging Strike
2-2: Strikes out looking
Batting: RHB Yanio Perez 0-0: Foul Ball, location: 2F
0-1: Foul Ball, location: 2F
0-2: Foul Ball, location: 2F
0-2: Strikes out looking
Batting: LHB Yordan Alvarez 0-0: Ball
1-0: Foul Ball, location: 2F
1-1: Swinging Strike
1-2: Ball
2-2: Strikes out swinging
Bottom of the 1st over - 0 runs, 0 hits, 0 errors, 0 left on base; National Conference 0 - American Conference 0
TOP OF THE 2ND
National Conference All-Stars batting - Pitching for American Conference All-Stars : RHP Taylor Widener
Pitching: RHP Jake Thompson
Batting: SHB Tommy Edman 0-0: Ball
1-0: Ball
2-0: Called Strike
2-1: Ground out U3 (Groundball, 3)
Batting: RHB David Thompson 0-0: DOUBLE (Line Drive, 9LS)
Batting: LHB Dom Nunez 0-0: Called Strike
0-1: Foul Ball, location: 2F
0-2: Ball
1-2: Ball
2-2: Ball
3-2: Base on Balls
Batting: RHB Dorssys Paulino 0-0: Fielders Choice at 2nd, 6-4 (Groundball, 6)
David Thompson to third
Batting: RHB Isaac Paredes 0-0: Swinging Strike
0-1: Swinging Strike
0-2: Foul Ball, location: 2F
0-2: Ball
1-2: Foul Ball, location: 2F
1-2: Strikes out looking
Top of the 2nd over - 0 runs, 1 hit, 0 errors, 2 left on base; National Conference 0 - American Conference 0
BOTTOM OF THE 2ND
American Conference All-Stars batting - Pitching for National Conference All-Stars : RHP Michael Kopech
Pitching: RHP Hunter Harvey
Batting: RHB Stetson Allie 0-0: Ball
1-0: Ball
2-0: Ball
3-0: Called Strike
3-1: Swinging Strike
3-2: Base on Balls
Batting: RHB Jamie Ritchie 0-0: Called Strike
0-1: Swinging Strike
0-2: Ball
1-2: Strikes out swinging
Batting: RHB Gift Ngoepe 0-0: Called Strike
0-1: Called Strike
0-2: Foul Ball, location: 2F
0-2: Foul Ball, location: 2F
0-2: Ball
1-2: Strikes out looking
Batting: RHB Jairo Beras 0-0: Ball
1-0: Fly out, F8 (Line Drive, 8RD)
Bottom of the 2nd over - 0 runs, 0 hits, 0 errors, 1 left on base; National Conference 0 - American Conference 0
TOP OF THE 3RD
National Conference All-Stars batting - Pitching for American Conference All-Stars : RHP Jake Thompson
Pitching: LHP Tyler Alexander
Batting: SHB Greg Allen 0-0: Called Strike
0-1: Ball
1-1: Ground out 5-3 (Groundball, 6S)
Batting: SHB Luis Sardinas 0-0: Ball
1-0: Ball
2-0: Called Strike
2-1: SINGLE (Line Drive, 56D)
Batting: LHB Cody Asche 0-0: Ball
1-0: Foul Ball, location: 2F
1-1: Ball
2-1: Fly out, F8 (Flyball, 8LD)
Batting: RHB Edward Olivares 0-0: Ball
1-0: Ball
2-0: Fly out, F5 (Line Drive, 5)
Top of the 3rd over - 0 runs, 1 hit, 0 errors, 1 left on base; National Conference 0 - American Conference 0
BOTTOM OF THE 3RD
American Conference All-Stars batting - Pitching for National Conference All-Stars : RHP Hunter Harvey
Pitching: LHP A.J. Puk
Batting: RHB Gabriel Cancel 0-0: Called Strike
0-1: Ball
1-1: Ball
2-1: Ground out 5-3 (Groundball, 5)
Batting: RHB Jomar Reyes 0-0: Called Strike
0-1: Ball
1-1: Ball
2-1: Swinging Strike
2-2: Ball
3-2: DOUBLE (Flyball, 89XD)
Batting: RHB Jose Cardona 0-0: Called Strike
0-1: Ball
1-1: Ground out 4-3 (Groundball, 4S)
Jomar Reyes to third
Batting: RHB Yanio Perez 0-0: Called Strike
0-1: SINGLE (Groundball, 6MD)
Jomar Reyes scores
Batting: LHB Yordan Alvarez 0-0: Ball
1-0: Called Strike
1-1: 2-RUN HOME RUN (Line Drive, 7D), Distance : 387 ft
Batting: RHB Stetson Allie 0-0: Ball
1-0: Ball
2-0: Ball
3-0: Called Strike
3-1: Called Strike
3-2: Base on Balls
Pitching: RHP Ian Hamilton
Batting: RHB Jamie Ritchie 0-0: Ball
1-0: Called Strike
1-1: Ground out 1-3 (Groundball, P)
Bottom of the 3rd over - 3 runs, 3 hits, 0 errors, 1 left on base; National Conference 0 - American Conference 3
TOP OF THE 4TH
National Conference All-Stars batting - Pitching for American Conference All-Stars : LHP Tyler Alexander
Pitching: LHP Foster Griffin
Batting: SHB Tommy Edman 0-0: Called Strike
0-1: DOUBLE (Flyball, 8RXD)
Batting: RHB David Thompson 0-0: Ball
1-0: Ball
2-0: Foul Ball, location: 2F
2-1: Ball
3-1: Ground out 4-3 (Groundball, 4MS)
Tommy Edman to third
Batting: LHB Dom Nunez 0-0: Foul Ball, location: 2F
0-1: Ball
1-1: Ball
2-1: Foul Ball, location: 2F
2-2: Strikes out looking
Batting: RHB Dorssys Paulino 0-0: Called Strike
0-1: Ball
1-1: Ball
2-1: Swinging Strike
2-2: Strikes out swinging
Top of the 4th over - 0 runs, 1 hit, 0 errors, 1 left on base; National Conference 0 - American Conference 3
BOTTOM OF THE 4TH
American Conference All-Stars batting - Pitching for National Conference All-Stars : RHP Ian Hamilton
Pitching: RHP Eric Hanhold
Batting: RHB Gift Ngoepe 0-0: Fly out, F8 (Line Drive, 8LM)
Batting: RHB Jairo Beras 0-0: Ball
1-0: Fly out, F4 (Popup, 4M)
Batting: RHB Gabriel Cancel 0-0: Ball
1-0: Ball
2-0: Ball
3-0: Called Strike
3-1: Swinging Strike
3-2: Foul Ball, location: 2F
3-2: Strikes out swinging
Bottom of the 4th over - 0 runs, 0 hits, 0 errors, 0 left on base; National Conference 0 - American Conference 3
TOP OF THE 5TH
National Conference All-Stars batting - Pitching for American Conference All-Stars : LHP Foster Griffin
Pitching: LHP Sean Gilmartin
Batting: RHB Isaac Paredes 0-0: SINGLE (Groundball, 6MD)
Batting: SHB Greg Allen 0-0: Ball
1-0: Foul Ball, location: 2F
1-1: Ball
2-1: Foul Ball, location: 2F
2-2: Ball
3-2: Hit by Pitch
Isaac Paredes to second
Batting: SHB Luis Sardinas 0-0: Called Strike
0-1: Ball
1-1: Hit by Pitch
Isaac Paredes to third
Greg Allen to second
Batting: LHB Cody Asche 0-0: Ball
1-0: Ball
2-0: Called Strike
2-1: Foul Ball, location: 2F
2-2: Foul Ball, location: 2F
2-2: Ball
3-2: Grounds into double play, 4-6-3 (Groundball, 4M)
Isaac Paredes scores
Greg Allen to third
Pinch Hitting: RHB Scott Heineman 0-0: Swinging Strike
0-1: Swinging Strike
0-2: Foul Ball, location: 2F
0-2: Strikes out swinging
Top of the 5th over - 1 run, 1 hit, 0 errors, 1 left on base; National Conference 1 - American Conference 3
BOTTOM OF THE 5TH
American Conference All-Stars batting - Pitching for National Conference All-Stars : RHP Eric Hanhold
Pitching: RHP Kevin Herget
Now in RF: Scott Heineman
Batting: RHB Jomar Reyes 0-0: Called Strike
0-1: Ball
1-1: Foul Ball, location: 2F
1-2: Foul Ball, location: 2F
1-2: Ball
2-2: Strikes out swinging
Batting: RHB Jose Cardona 0-0: Ground out 1-3 (Groundball, 13)
Pinch Hitting: LHB Eliezer Alvarez 0-0: Ball
1-0: SINGLE (Groundball, 6MD)
Batting: LHB Yordan Alvarez 0-0: Ball
1-0: Foul Ball, location: 2F
1-1: Ball
Wild Pitch!
Eliezer Alvarez to second
2-1: Ball
3-1: Base on Balls
Pinch Hitting: LHB Matt Skole 0-0: Ball
1-0: Foul Ball, location: 2F
1-1: Ball
2-1: Foul Ball, location: 2F
2-2: Ball
3-2: Foul Ball, location: 2F
3-2: Foul Ball, location: 2F
3-2: 3-RUN HOME RUN (Flyball, 7D), Distance : 390 ft
Pitching: RHP John Schreiber
Batting: RHB Jamie Ritchie 0-0: Foul Ball, location: 2F
0-1: Called Strike
0-2: Ball
1-2: Ball
2-2: Ball
3-2: DOUBLE (Line Drive, 9LD)
Batting: RHB Gift Ngoepe 0-0: TRIPLE (Flyball, 89XD)
Jamie Ritchie scores
Batting: RHB Jairo Beras 0-0: Ball
1-0: DOUBLE (Line Drive, 78D)
Gift Ngoepe scores
Batting: RHB Gabriel Cancel 0-0: Called Strike
0-1: DOUBLE (Line Drive, 78XD)
Jairo Beras scores
Batting: RHB Jomar Reyes 0-0: Ball
1-0: SINGLE (Line Drive, 78M)
Gabriel Cancel to third
Runner from 3rd tries for Home, SAFE, throw by CF to home
Jomar Reyes to second
Pinch Hitting: LHB Socrates Brito 0-0: Foul Ball, location: 2F
0-1: Ball
1-1: Called Strike
1-2: Ball
2-2: Ball
3-2: Reached on error, E3 (Groundball, 3)
Jomar Reyes to third
Batting: LHB Eliezer Alvarez 0-0: SINGLE (Groundball, 4D)
Jomar Reyes scores
Socrates Brito to second
Runner from 2nd tries for 3rd, SAFE, throw by RF made to third
Batting: LHB Yordan Alvarez 0-0: Called Strike
0-1: Ball
1-1: Called Strike
1-2: Foul Ball, location: 2F
1-2: Ground out 5-3 (Groundball, 56S)
Bottom of the 5th over - 8 runs, 8 hits, 1 error, 2 left on base; National Conference 1 - American Conference 11
TOP OF THE 6TH
National Conference All-Stars batting - Pitching for American Conference All-Stars : LHP Sean Gilmartin
Pitching: RHP Caleb Dirks
Now at 1B: Matt Skole
Now at 2B: Eliezer Alvarez
Now in CF: Socrates Brito
Pinch Hitting: SHB Rosell Herrera 0-0: Ball
1-0: Called Strike
1-1: Ball
2-1: SOLO HOME RUN (Flyball, 7D), Distance : 401 ft
Batting: RHB David Thompson 0-0: Called Strike
0-1: Swinging Strike
0-2: Strikes out looking
Pinch Hitting: RHB Rene Rivera 0-0: Foul Ball, location: 2F
0-1: Foul Ball, location: 2F
0-2: Strikes out swinging
Pinch Hitting: LHB Kyle Tucker 0-0: Foul Ball, location: 2F
0-1: SINGLE (Groundball, 3D)
Batting: RHB Isaac Paredes 0-0: Ball
1-0: Called Strike
1-1: Foul Ball, location: 2F
1-2: Foul Ball, location: 2F
1-2: Strikes out swinging
Top of the 6th over - 1 run, 2 hits, 0 errors, 1 left on base; National Conference 2 - American Conference 11
BOTTOM OF THE 6TH
American Conference All-Stars batting - Pitching for National Conference All-Stars : RHP John Schreiber
Now at C: Rene Rivera
Now at SS: Rosell Herrera
Now in LF: Kyle Tucker
Batting: LHB Matt Skole 0-0: Ball
1-0: Ball
2-0: Foul Ball, location: 2F
2-1: Foul Ball, location: 2F
2-2: Strikes out swinging
Pinch Hitting: SHB Casey Schroeder 0-0: Called Strike
0-1: Ball
1-1: SINGLE (Line Drive, 6MD)
Pitching: LHP McKenzie Mills
Batting: RHB Gift Ngoepe 0-0: Ball
1-0: Foul Ball, location: 2F
1-1: Ball
2-1: Swinging Strike
2-2: Foul Ball, location: 2F
2-2: Foul Ball, location: 2F
2-2: Ball
3-2: Strikes out swinging
Batting: RHB Jairo Beras 0-0: Ball
1-0: Swinging Strike
1-1: Fly out, F7 (Flyball, 7)
Bottom of the 6th over - 0 runs, 1 hit, 0 errors, 1 left on base; National Conference 2 - American Conference 11
TOP OF THE 7TH
National Conference All-Stars batting - Pitching for American Conference All-Stars : RHP Caleb Dirks
Pitching: RHP Shea Spitzbarth
Now at C: Casey Schroeder
Batting: SHB Greg Allen 0-0: Ball
1-0: Ball
2-0: Called Strike
2-1: Ground out 5-3 (Groundball, 56)
Batting: SHB Luis Sardinas 0-0: SINGLE (Groundball, 6D)
Batting: LHB Cody Asche 0-0: Called Strike
0-1: Ball
1-1: Foul Ball, location: 2F
1-2: Ball
2-2: DOUBLE (Groundball, 3L)
Luis Sardinas to third
Batting: RHB Scott Heineman 0-0: Called Strike
0-1: Called Strike
0-2: Hit by Pitch
Batting: SHB Rosell Herrera 0-0: Ball
1-0: Ball
2-0: Ball
3-0: Base on Balls
Luis Sardinas scores
Cody Asche to third
Scott Heineman to second
Batting: RHB David Thompson 0-0: Foul Ball, location: 2F
0-1: Ball
1-1: Foul Ball, location: 2F
1-2: TRIPLE (Flyball, 89XD)
Cody Asche scores
Scott Heineman scores
Rosell Herrera scores
Pitching: RHP Corey Taylor
Batting: RHB Rene Rivera 0-0: Ball
1-0: Swinging Strike
1-1: Ball
2-1: Ground out 5-3 (Groundball, 56S)
David Thompson scores
Batting: LHB Kyle Tucker 0-0: Ball
1-0: Foul Ball, location: 2F
1-1: Ball
2-1: Ball
3-1: Called Strike
3-2: SINGLE (Line Drive, 8RS)
Batting: RHB Isaac Paredes 0-0: Ground out 4-3 (Groundball, 4)
Top of the 7th over - 5 runs, 4 hits, 0 errors, 1 left on base; National Conference 7 - American Conference 11
BOTTOM OF THE 7TH
American Conference All-Stars batting - Pitching for National Conference All-Stars : LHP McKenzie Mills
Batting: RHB Danny Jansen 0-0: Ball
1-0: Foul Ball, location: 2F
1-1: Ball
2-1: Ground out 5-3 (Groundball, 56)
Pitching: RHP Pedro Araujo
Batting: RHB Jomar Reyes 0-0: Ball
1-0: Ball
2-0: Foul Ball, location: 2F
2-1: Called Strike
2-2: Ball
3-2: Strikes out swinging
Batting: LHB Socrates Brito 0-0: Ball
1-0: Called Strike
1-1: Foul Ball, location: 2F
1-2: Strikes out swinging
Bottom of the 7th over - 0 runs, 0 hits, 0 errors, 0 left on base; National Conference 7 - American Conference 11
TOP OF THE 8TH
National Conference All-Stars batting - Pitching for American Conference All-Stars : RHP Corey Taylor
Pitching: RHP Daulton Jefferies
Batting: SHB Greg Allen 0-0: Ball
1-0: Called Strike
1-1: Foul Ball, location: 2F
1-2: Ball
2-2: Strikes out swinging
Batting: SHB Luis Sardinas 0-0: Called Strike
0-1: Fly out, F9 (Flyball, 9LM)
Batting: LHB Cody Asche 0-0: Ball
1-0: Ball
2-0: Called Strike
2-1: Ball
3-1: Called Strike
3-2: Fly out, F8 (Flyball, 78M)
Top of the 8th over - 0 runs, 0 hits, 0 errors, 0 left on base; National Conference 7 - American Conference 11
BOTTOM OF THE 8TH
American Conference All-Stars batting - Pitching for National Conference All-Stars : RHP Pedro Araujo
Batting: LHB Eliezer Alvarez 0-0: Ball
1-0: Ball
2-0: Ball
3-0: Called Strike
3-1: SINGLE (Line Drive, 78S)
Batting: LHB Yordan Alvarez 0-0: Foul Ball, location: 2F
0-1: Ball
Eliezer Alvarez is caught stealing 2nd base 2-6
1-1: Ground out 6-3 (Groundball, 6MS)
Batting: LHB Matt Skole 0-0: Swinging Strike
0-1: Foul Ball, location: 2F
0-2: Ball
1-2: Foul Ball, location: 2F
1-2: Foul Ball, location: 2F
1-2: Ball
2-2: Strikes out looking
Bottom of the 8th over - 0 runs, 1 hit, 0 errors, 0 left on base; National Conference 7 - American Conference 11
TOP OF THE 9TH
National Conference All-Stars batting - Pitching for American Conference All-Stars : RHP Daulton Jefferies
Pitching: RHP Trey Wingenter
Batting: RHB Scott Heineman 0-0: Ball
1-0: SINGLE (Line Drive, 7LS)
Batting: SHB Rosell Herrera 0-0: Swinging Strike
0-1: Ball
1-1: Swinging Strike
1-2: Strikes out swinging
Batting: RHB David Thompson 0-0: Ball
1-0: Called Strike
1-1: Ball
2-1: Swinging Strike
2-2: Strikes out swinging
Pinch Hitting: RHB Sean Murphy 0-0: Ball
1-0: DOUBLE (Line Drive, 89D)
Scott Heineman to third
Batting: LHB Kyle Tucker 0-0: Ground out U3 (Groundball, 3L)
Top of the 9th over - 0 runs, 2 hits, 0 errors, 2 left on base; National Conference 7 - American Conference 11
Tuesday, August 21st, 2018 - OOTP Baseball 19.8 Build 70